 Dungeon Crawl Stone Soup version 0.28.0-1-gb440e238dd (webtiles) character file.

Game seed: 11691718481566488570

3738 sanka the Spear-Bearer (level 10, -4/77 HPs)
             Began as a Merfolk Conjurer on Feb 22, 2022.
             Was an Initiate of Gozag.
             Slain by a yak (9 damage)
             ... on level 8 of the Dungeon.
             The game lasted 00:23:21 (14630 turns).

sanka the Spear-Bearer (Merfolk Conjurer)          Turns: 14630, Time: 00:23:22

Health: -4/77      AC:  7    Str:  8    XL:     10   Next: 15%
Magic:  13/13      EV: 17    Int: 17    God:    Gozag
Gold:   1339       SH:  0    Dex: 17    Spells: 10/13 levels left

rFire   . . .      SeeInvis .   a - +0 trident
rCold   . . .      Faith    .   (no shield)
rNeg    + . .      Spirit   .   o - +3 leather armour of Uduh {rElec Will+}
rPois   .          Reflect  .   (no helmet)
rElec   +          Harm     .   (no cloak)
rCorr   .          Rampage  .   (no gloves)
Will    +....                   O - +0 pair of boots
Stlth   ++........              C - amulet of magic regeneration
HPRegen 0.22/turn               J - ring of positive energy
MPRegen 0.53/turn               (no ring)

@: mighty, gold aura
A: (nimble swimmer 2), mertail
a: Renounce Religion, Potion Petition, Call Merchant, Bribe Branch


You were on level 8 of the Dungeon.
You worshipped Gozag.
Gozag was most pleased with you.
You visited 1 branch of the dungeon, and saw 9 of its levels.
You also visited: Sewer and Ossuary.

You collected 1691 gold pieces.
You paid 352 gold pieces to Gozag.

Inventory:

Hand Weapons
 a - a +0 trident (weapon)
 g - a +0 hand axe
 h - a +0 spear
 F - a +6 dire flail
Missiles
 l - 3 curare-tipped darts
Armour
 o - the +3 leather armour of Uduh (worn) {rElec Will+}
   (You found it on level 3 of the Dungeon)

   rElec:     It insulates you from electricity.
   Will:      It increases your willpower.
 O - a +0 pair of boots (worn)
Magical Staves
 b - a staff of earth
Jewellery
 C - an amulet of magic regeneration (around neck)
 J - a ring of positive energy (left hand)
Wands
 D - a wand of polymorph (19)
 H - a wand of acid (24)
 I - a wand of charming (11)
 K - a wand of iceblast (20)
Scrolls
 c - a scroll of torment
 f - 6 scrolls of teleportation
 i - a scroll of holy word {unknown}
 j - a scroll of blinking
 k - a scroll of fear {unknown}
 n - 5 scrolls of enchant armour
 p - a scroll of magic mapping {unknown}
 r - 2 scrolls of noise
 s - 3 scrolls of vulnerability
 x - 4 scrolls of enchant weapon
 y - 3 scrolls of fog
 B - 5 scrolls of immolation
 L - a scroll of amnesia {unknown}
 N - a scroll of acquirement {unknown}
Potions
 d - 5 potions of curing
 e - 3 potions of haste {unknown}
 m - 2 potions of flight {unknown}
 q - a potion of lignification {unknown}
 t - 3 potions of magic {unknown}
 u - 2 potions of resistance {unknown}
 v - 2 potions of cancellation {unknown}
 w - 2 potions of berserk rage {unknown}
 z - a potion of might
 A - a potion of attraction {unknown}
 E - a potion of degeneration {unknown}
 M - a potion of brilliance {unknown}


   Skills:
 + Level 6.4 Fighting
 - Level 14.0 Polearms
 + Level 10.4 Dodging
 - Level 2.1 Stealth
 - Level 2.0 Spellcasting
 - Level 4.0 Conjurations


You had 10 spell levels left.
You knew the following spells:

 Your Spells              Type           Power      Damage    Failure   Level
a - Magic Dart            Conj           60%        1d6       5%          1
b - Searing Ray           Conj           30%        2d5       9%          2

Your spell library contained the following spells:

 Spells                   Type           Power      Damage    Failure   Level
 Dazzling Flash           Conj/Hex       16%        N/A       36%         3
 Call Imp                 Summ           1%         N/A       38%         2
 Mephitic Cloud           Conj/Pois/Air  6%         N/A       43%         3
 Call Canine Familiar     Summ           1%         N/A       63%         3
 Portal Projectile        Hex/Tloc       2%         N/A       63%         3
 Fulminant Prism          Conj/Hex       4%         3d6       77%         4
 Iskenderun's Mystic Bla  Conj/Tloc      8%         2d4       77%         4
 Leda's Liquefaction      Hex/Erth       0%         N/A       95%         4


Dungeon Overview and Level Annotations

Branches:
Dungeon (9/15)             Temple (0/1) D:7           Sewer (visited)
Ossuary (visited)
   Lair: D:8-11         Orc: D:9-12

Altars:
Cheibriados
Dithmenos
Gozag
Hepliaklqana
Qazlal
Ru
Sif Muna
Trog
Xom
Yredelemnul
Zin

Annotations:
D:5 1 runed translucent door, Crazy Yiuf, Edmund, Ijyb
D:7 2 transporters, Ajdolov's ghost, novice FoFi


Innate Abilities, Weirdness & Mutations

((You are very nimble when in or above water. (Stealth+, EV+, Speed+++)))
Your lower body shifts to a powerful aquatic tail in water.


Message History

You hit the yak but do no damage. The yak closely misses you.
You closely miss the yak. The yak misses you.
You hit the yak.
The yak is lightly wounded.
The yak gores you!
You hit the yak.
The yak is lightly wounded.
The yak gores you! x2
You hit the yak.
The yak is moderately wounded.
The yak closely misses you.
You completely miss the yak. You punch the yak, but do no damage.
The yak is moderately wounded.
The yak gores you!
You hit the yak but do no damage.
The yak is moderately wounded.
The yak gores you.
* * * LOW HITPOINT WARNING * * *
You hit the yak.
The yak is moderately wounded.
The yak completely misses you.
You barely miss the yak.
The yak is moderately wounded.
The yak closely misses you. The yak gores you.
* * * LOW HITPOINT WARNING * * *
Okay, then.
You feel very mighty all of a sudden. The yak barely misses you.
The yak gores you but does no damage.
You puncture the yak!
The yak is heavily wounded.
The yak closely misses you.
You puncture the yak!
The yak is severely wounded.
The yak gores you!
* * * LOW HITPOINT WARNING * * *
You puncture the yak!
You kill the yak!
The yak gores you!
You die...
Your body crumbles into a pile of gold.

######## #......# #.#....#
#######......##
#.............#
.....##.......#########
#.##.##.........@Y....#
#.##.##......########.#
#.##.##......# #.#
..##.#####.### #.# ####.#
##'## #.# #.# ##...## #.#
####.###.....## ###.#####
.....##.......## #.......#
..####.........####...###.#


You could see a yak.

Vanquished Creatures
  2 yaks (D:8)
  Menkaure (Ossuary)
  A water moccasin (D:8)
  2 black bears
  A sky beast (D:6)
  2 ice beasts
  2 necrophages
  An orc warrior (D:8)
  A hornet zombie (D:6)
  2 ogres (D:7)
  A centaur (D:5)
  7 kobold brigands (Sewer)
  3 scorpions
  Blork the orc (D:5)
  A bullfrog (D:8)
  A wyvern skeleton (D:7)
  5 killer bees
  5 wights
  2 howler monkeys
  2 hounds
  3 orc priests
  2 iguanas
  Natasha (thrice) (D:2)
  5 orc wizards
  4 mummies
  4 gnolls
  12 adders
  A white imp (D:7)
  An ufetubus (D:6)
  2 adder skeletons (D:4)
  7 worms
  4 dart slugs
  21 orcs
  8 endoplasms
  9 giant cockroaches
  9 hobgoblins
  12 jackals
  7 quokkas
  12 ball pythons
  8 bats
  A frilled lizard (D:1)
  3 gnoll skeletons (Ossuary)
  3 gnoll zombies (Ossuary)
  5 goblins
  2 goblin skeletons (Ossuary)
  3 goblin zombies (Ossuary)
  3 hobgoblin skeletons (Ossuary)
  4 hobgoblin zombies (Ossuary)
  11 kobolds
  7 kobold skeletons (Ossuary)
  3 kobold zombies (Ossuary)
  6 orc skeletons (Ossuary)
  7 orc zombies (Ossuary)
  11 rats
  4 rat skeletons (Ossuary)
  5 rat zombies (Ossuary)
255 creatures vanquished.

Vanquished Creatures (others)
  3 plants (D:8)
3 creatures vanquished.

Grand Total: 258 creatures vanquished

Notes
Turn   | Place    | Note
-------+----------+-------------------------------------------
     0 | D:1      | sanka the Merfolk Conjurer began the quest for the Orb.
     0 | D:1      | Reached XP level 1. HP: 13/13 MP: 3/3
   239 | D:1      | Reached XP level 2. HP: 16/19 MP: 1/5
   285 | D:1      | Learned a level 2 spell: Searing Ray
  1008 | D:1      | Reached XP level 3. HP: 23/24 MP: 0/6
  1114 | D:1      | Reached skill level 1 in Polearms
  1621 | D:2      | Reached skill level 2 in Polearms
  1861 | D:2      | Reached skill level 3 in Polearms
  2004 | D:2      | Identified the +2 robe of Vuufouff {Will+}
  2020 | D:2      | Found a faded altar of an unknown god.
  2027 | D:2      | Prayed at the altar of an unknown god.
  2027 | D:2      | Became a worshipper of Gozag Ym Sagoz the Greedy
  2085 | D:2      | Reached XP level 4. HP: 30/30 MP: 4/7
  2242 | D:2      | Noticed Natasha
  2278 | D:2      | Killed Natasha
  2279 | D:2      | Reached skill level 4 in Polearms
  2397 | D:2      | Noticed Natasha
  2404 | D:2      | Killed Natasha
  2405 | D:2      | Reached skill level 5 in Polearms
  2780 | D:2      | Noticed Natasha
  2910 | D:3      | Reached XP level 5. HP: 25/35 MP: 5/8
  3056 | D:2      | Killed Natasha
  3442 | D:2      | Reached skill level 1 in Fighting
  4571 | D:3      | Reached XP level 6. HP: 36/44 MP: 2/9
  4936 | D:3      | Reached skill level 6 in Polearms
  5064 | D:3      | Identified the +3 leather armour of Uduh {rElec Will+}
  5117 | D:4      | Found a sand-covered staircase.
  5123 | Ossuary  | Entered an ossuary
  5515 | Ossuary  | Noticed Menkaure
  5534 | Ossuary  | Killed Menkaure
  5575 | Ossuary  | Reached XP level 7. HP: 45/52 MP: 1/10
  5700 | D:4      | Found a glowing drain.
  5709 | Sewer    | Entered a sewer
  6187 | Sewer    | Reached skill level 7 in Polearms
  6187 | Sewer    | Reached skill level 5 in Dodging
  7025 | Sewer    | Reached skill level 8 in Polearms
  7025 | Sewer    | Reached XP level 8. HP: 47/61 MP: 0/11
  7581 | D:4      | Reached skill level 5 in Fighting
  7740 | D:4      | Reached skill level 9 in Polearms
  8218 | D:4      | Found a shimmering altar of Xom.
  8461 | D:4      | Found a basalt altar of Yredelemnul.
  8678 | D:4      | Found a bloodstained altar of Trog.
  8816 | D:5      | Entered Level 5 of the Dungeon
  9046 | D:5      | Noticed Blork the orc
  9059 | D:5      | Killed Blork the orc
  9252 | D:5      | Noticed Edmund
  9263 | D:5      | Found a runed translucent door.
  9264 | D:5      | Noticed Crazy Yiuf
  9332 | D:5      | Noticed Ijyb
  9422 | D:5      | Reached skill level 10 in Polearms
  9584 | D:5      | Found a shadowy altar of Dithmenos.
  9727 | D:5      | Reached XP level 9. HP: 7/69 MP: 12/12
 10028 | D:5      | You fall into a shaft and drop 2 floors!
 10028 | D:7      | Found a staircase to the Ecumenical Temple.
 10082 | D:7      | Reached skill level 11 in Polearms
 10337 | D:7      | Found a stormy altar of Qazlal.
 11340 | D:5      | Found a snail-covered altar of Cheibriados.
 11434 | D:5      | Reached skill level 12 in Polearms
 12211 | D:6      | Found a shimmering blue altar of Sif Muna.
 12606 | D:7      | Noticed a moth of wrath
 12607 | D:7      | Noticed Ajdolov's ghost (novice FoFi)
 12612 | D:7      | Found a bloodstained altar of Trog.
 12620 | D:7      | Found a transporter.
 12622 | D:7      | Noticed a two-headed ogre
 12743 | D:7      | Found a transporter.
 13199 | D:8      | Reached skill level 13 in Polearms
 13707 | D:8      | Reached XP level 10. HP: 60/76 MP: 7/13
 13821 | D:8      | Found a hazy altar of Hepliaklqana.
 14099 | D:8      | Reached skill level 10 in Dodging
 14101 | D:8      | Reached skill level 14 in Polearms
 14263 | D:8      | Noticed an angel
 14265 | D:8      | Found a glowing silver altar of Zin.
 14607 | D:9      | Noticed a kobold demonologist
 14607 | D:9      | Found a sacrificial altar of Ru.
 14630 | D:8      | Slain by a yak

Illustrated notes

Levels and vault maps discovered:
D:1:      ncdulo_watergridlock, layout_basic, minmay_stone_trees_small
D:2:      layout_loops_cross, dreamdust_ecumenical_altar_grove, minivault_26,
          uniq_natasha
D:3:      minmay_razor_zed, layout_basic, nicolae_underground_beach
D:4:      layout_loops_cross, mainiacjoe_overflow_tiny_flanked,
          yredelemnul_altar_generic, amcnicky_altar_gilded,
          portal_sewer_entry_f, nicolae_ossuary_entry_monument, minmay_vboxes
D:5:      layout_layer_cave, mainiacjoe_overflow_paths, slow_altar_2,
          uniq_blork_the_orc, uniq_crazy_yiuf_cottage, uniq_edmund, uniq_ijyb
D:6:      layout_gridville, tgw_sif
D:7:      layout_basic, mainiacjoe_overflow_catwalk, temple_green,
          gammafunk_ghost_wrathful_warriors, kennysheep_generic_room_9
D:8:      layout_loops_corners, nicolae_hepliaklqana_hazy_memory, zin_angel
D:9:      layout_cave_pools, bloody_makhleb, mainiacjoe_overflow_cross_hatched

Skill      XL: |  1  2  3  4  5  6  7  8  9 10 |
---------------+-------------------------------+-----
Conjurations   | 4 |  4.0
Polearms       | 3 5 6 8 10 13 14 | 14.0
Dodging        | 3 4 6 7 9 10 | 10.4
Fighting       | 2 3 4 6 |  6.4
Stealth        | |  2.1
Spellcasting   | |  2.0

Action                   |  1- 3 |  4- 6 |  7- 9 | 10-12 || total
-------------------------+-------+-------+-------+-------++-------
Melee: Unarmed           |     3 |       |       |       ||     3
       Spear             |    43 |   257 |    66 |       ||   366
       Punch             |     1 |     4 |     9 |     1 ||    15
       Tailslap          |       |       |     3 |       ||     3
       Trident           |       |       |   288 |    17 ||   305
 Cast: Magic Dart        |    78 |   100 |   152 |    22 ||   352
       Searing Ray       |       |     5 |    45 |     6 ||    56
Invok: Potion Petition   |       |       |     1 |       ||     1
Evoke: Wand              |       |     7 |     1 |       ||     8
  Use: Potion            |       |     1 |     1 |     1 ||     3
       Scroll            |       |       |     8 |     1 ||     9
 Stab: Sleeping          |       |     3 |     1 |       ||     4
Armor: Robe              |     4 |     9 |       |       ||    13
       Leather armour    |       |    39 |    81 |    10 ||   130
Dodge: Dodged            |    29 |    89 |   289 |    41 ||   448
